 Dungeon Crawl Stone Soup version 0.29-a0-243-g602b31c20e (webtiles) character file.

Game seed: 6743435241397542029

36 siradein the Caller (level 3, -5/26 HPs)
             Began as a Draconian Summoner on Mar 4, 2022.
             Slain by Sigmund
             ... wielding a +0 scythe
              (9 damage)
             ... on level 2 of the Dungeon.
             The game lasted 00:02:09 (1183 turns).

siradein the Caller (Draconian Summoner)            Turns: 1183, Time: 00:02:10

Health: -5/26      AC:  6    Str: 10    XL:     3   Next: 19%
Magic:  4/7        EV: 12    Int: 17    God:
Gold:   52         SH:  0    Dex: 11    Spells: 4/7 levels left

rFire   . . .      SeeInvis .   d - +2 spear (vorpal)
rCold   . . .      Faith    .   (no shield)
rNeg    . . .      Spirit   .   (body armour unavailable)
rPois   .          Reflect  .   (helmet restricted)
rElec   .          Harm     .   (no cloak)
rCorr   .          Rampage  .   (no gloves)
Will    .....                   a - +0 pair of boots
Stlth   ++........              (no amulet)
HPRegen 0.08/turn               (no ring)
MPRegen 0.10/turn               (no ring)

@: no status effects
A: AC +5, unfitting armour, cold-blooded
a: no special abilities


You were on level 2 of the Dungeon.
You visited 1 branch of the dungeon, and saw 2 of its levels.

You collected 52 gold pieces.

Inventory:

Hand Weapons
 d - a +2 vorpal spear (weapon)
Armour
 a - a +0 pair of boots (worn)
Scrolls
 b - a scroll of noise {unknown}
 c - a scroll of immolation
 e - a scroll of identify {unknown}
 f - a scroll of enchant armour {unknown}


   Skills:
 - Level 1.7 Dodging
 - Level 1.7 Stealth
 + Level 2.8 Spellcasting
 + Level 4.5 Summonings


You had 4 spell levels left.
You knew the following spells:

 Your Spells              Type           Power      Damage    Failure   Level
a - Summon Small Mammal   Summ           68%        N/A       2%          1
b - Call Imp              Summ           17%        N/A       4%          2

Your spell library contained the following spells:

 Spells                   Type           Power      Damage    Failure   Level
 Call Canine Familiar     Summ           17%        N/A       9%          3
 Summon Guardian Golem    Hex/Summ       10%        N/A       21%         3
 Dazzling Flash           Conj/Hex       4%         N/A       47%         3
 Summon Lightning Spire   Summ/Air       10%        N/A       56%         4
 Iskenderun's Mystic Bla  Conj/Tloc      2%         2d3       87%         4
 Starburst                Conj/Fire      1%         6d3       100%        6


Dungeon Overview and Level Annotations

Branches:
Dungeon (2/15)

Altars:


Innate Abilities, Weirdness & Mutations

Your plain brown scales are hard. (AC +5)
You cannot fit into any form of body armour.
You are cold-blooded and may be slowed by cold attacks.


Message History

HP restored.
You climb downwards.
The endoplasm misses you. The endoplasm barely misses you.
There is a stone staircase leading up here.
A beastly little devil appears in a puff of flame.
The endoplasm hits you but does no damage.
You hit the endoplasm.
You kill the endoplasm!
The ball python bites you but does no damage.
The ball python grabs you. The ball python constricts you.
Your crimson imp blinks!
You hit the ball python.
The ball python is severely wounded.
The ball python bites you but does no damage.
The ball python constricts you.
A frilled lizard comes into view.
The frilled lizard hisses angrily.
You hit the ball python but do no damage.
The ball python is severely wounded.
The ball python closely misses you. The ball python constricts you.
You hit the ball python.
You kill the ball python!
A beastly little devil appears in a puff of flame.
Your crimson imp disappears in a puff of smoke!
The orc priest invokes the aid of Beogh against you.
Beogh smites you!
You hear a shout!
You swap places.
The orc priest mumbles some strange prayers to Beogh against you.
Beogh smites you!
* * * LOW HITPOINT WARNING * * *
Your crimson imp completely misses the orc priest.
You swap places.
The orc priest hits you with a +0 club.
* * * LOW HITPOINT WARNING * * *
There is a stone staircase leading up here.
You hit the orc priest.
You tail-slap the orc priest, but do no damage.
The orc priest is moderately wounded.
The orc priest misses you. Something hits you!
You die...

#..........####
#..........#..
##...........
#.....<....#
#..........#
#.......)..#
#.$........#
#.....!....######
...........lo@5..#
####......######.#
#......# ..
#....... ..#
#......>. .#
###...##.. # #.#..
o.. #.##. .#..


You could see an orc priest (ally target), a frilled lizard and a friendly
crimson imp (summoned).

Vanquished Creatures
  A dart slug (D:1)
  3 endoplasms
  4 goblins
  4 hobgoblins (D:1)
  2 kobolds (D:1)
  2 quokkas (D:1)
  2 ball pythons
  3 bats (D:1)
  A frilled lizard (D:1)
  A rat (D:1)
23 creatures vanquished.

Vanquished Creatures (collateral kills)
  An orc (D:2)
  A ball python (D:1)
  A hobgoblin (D:1)
  A bat (D:1)
  A frilled lizard (D:1)
  A goblin (D:1)
6 creatures vanquished.

Grand Total: 29 creatures vanquished

Notes
Turn   | Place    | Note
-------+----------+-------------------------------------------
     0 | D:1      | siradein the Draconian Summoner began the quest for the
                  | Orb.
     0 | D:1      | Reached XP level 1. HP: 14/14 MP: 3/3
   267 | D:1      | Found a faded altar of an unknown god.
   283 | D:1      | Reached XP level 2. HP: 20/20 MP: 3/5
   501 | D:1      | Learned a level 2 spell: Call Imp
   995 | D:1      | Reached XP level 3. HP: 26/26 MP: 7/7
  1183 | D:2      | Slain by Sigmund

Illustrated notes

Levels and vault maps discovered:
D:1:      saegor_arrival_miasma, layout_basic, hellmonk_ecumenical_altar_blasted
D:2:      layout_rooms, basic_altar, uniq_sigmund

Action                   || total
-------------------------++-------
Melee: Unarmed           ||     6
       Mace              ||    13
       Punch             ||     1
       Spear             ||    38
       Tailslap          ||     5
 Cast: Summon Small Mamm ||    10
       Call Imp          ||     8
Armor: Skin              ||    17
Dodge: Dodged            ||    44

Table legend: (Time is in decaauts)
 A = Elapsed time spent in this place.
 B = Non-inter-level travel time spent in this place.
 C = Inter-level travel time spent in this place.
 D = Time resting spent in this place.
 E = Time spent auto-exploring this place.
 F = Levels seen in this place.
 G = Mean time per level.
                   A        B        C        D        E       F      G
               +--------+--------+--------+--------+--------+-----+--------+
         Total |   1192 |   1174 |     18 |     83 |    887 |   2 |  596.0 |
       Dungeon |   1192 |   1174 |     18 |     83 |    887 |   2 |  596.0 |
               +--------+--------+--------+--------+--------+-----+--------+

Top non-repeatable levels by time:
     D:1: 1136 daAuts
     D:2: 55 daAuts
